 Dungeon Sprint DCSS version 0.30-a0-924-g0ad0bf95bc (webtiles) character file.

Game seed: 14917898867013396919

4998 Pimp the Cleaver (level 10, -14/94 HPs)
             Began as an Armataur Fighter on Mar 22, 2023.
             Was a High Priest of Okawaru.
             Killed from afar by a deep elf knight (23 damage)
             ... with a lance of force
             ... in the Dungeon (Sprint V: "Ziggurat Sprint").
             The game lasted 00:06:59 (567 turns).

Pimp the Cleaver (Armataur Fighter)                  Turns: 567, Time: 00:07:00

Health: -14/94     AC: 29    Str: 37    XL:     10   Next: 29%
Magic:  10/10      EV:  2    Int: 10    God:    Okawaru [*****.]
Gold:   0          SH: 28    Dex:  9    Spells: 9/9 levels left

rFire   . . .      SeeInvis .    n - +5 broad axe
rCold   . . .      Faith    .    l - +18 shield of the Gong {Loud rN+ Will+ rCorr EV-5}
rNeg    + . .      Spirit   .    k - +15 Maxwell's patent armour {-Cast -Tele rElec Will+ rCorr}
rPois   .          Reflect  .    (no helmet)
rElec   +          Roll     +    (no cloak)
rCorr   +          NoTele   +    (no gloves)
Will    ++...      NoCast   +    (no barding) Stlth
                                 (no amulet)
HPRegen 0.35/turn                t - +6 ring of strength
MPRegen 0.12/turn                u - +6 ring of strength

@: studying 2 skills
A: large, rugged brown scales 3, deformed body, armoured tail, roll, long
tongue, awkward tongue
a: Renounce Religion, Heroism, Finesse


You were in the Dungeon.
You worshipped Okawaru.
Okawaru was extremely pleased with you.
You visited 1 branch

Inventory:

Hand Weapons
 a - a +0 war axe
 m - a +5 lajatang
 n - a +5 broad axe (weapon)
Armour
 b - a +0 scale mail
 c - a +0 buckler
 k - the +15 Maxwell's patent armour (worn) {-Cast -Tele rElec Will+ rCorr}
   (You found it in the Dungeon)

   rElec:     It insulates you from electricity.
   -Cast:     It prevents spellcasting.
   -Tele:     It prevents most forms of teleportation.
   rCorr:     It protects you from acid and corrosion.
   Will:      It increases your willpower.
 l - the +18 shield of the Gong (worn) {Loud rN+ Will+ rCorr EV-5}
   (You found it in the Dungeon)

   Loud:      It is deafeningly noisy when blocking attacks.
   EV:        It affects your evasion (-5).
   rN:        It protects you from negative energy.
   rCorr:     It protects you from acid and corrosion.
   Will:      It increases your willpower.
Jewellery
 o - a ring of flight
 p - a +6 ring of dexterity
 q - a +6 ring of dexterity
 r - a +6 ring of intelligence
 s - a +6 ring of intelligence
 t - a +6 ring of strength (left hand)
 u - a +6 ring of strength (right hand)
Wands
 v - a wand of mindburst (7)
 w - a wand of iceblast (7)
 x - a wand of light (7)
 G - a wand of digging (6)
Scrolls
 j - 4 scrolls of blinking
 y - 4 scrolls of amnesia
 D - 7 scrolls of fog
 E - 5 scrolls of identify
 F - 2 scrolls of fear
Potions
 d - 6 potions of might
 e - 9 potions of curing
 f - 8 potions of heal wounds
 g - 6 potions of haste
 h - 7 potions of magic
 i - 3 potions of berserk rage
 z - 2 potions of brilliance
 A - 2 potions of invisibility
 B - 4 potions of resistance
Miscellaneous
 C - a piece from Xom's chessboard (15/15)


   Skills:
 + Level 8.1 Fighting
 * Level 13.5 Axes
 * Level 13.3 Armour
 * Level 7.4 Dodging
 + Level 2.2 Stealth
 + Level 10.5 Shields


You had 9 spell levels left.
You didn't know any spells.
Your spell library contained the following spells:

 Spells                   Type           Power      Damage    Failure   Level
 Shock                    Conj/Air       0%         1d3       97%         1
 Blink                    Tloc           0%         N/A       99%         2
 Ensorcelled Hibernation  Hex/Ice        0%         N/A       99%         2
 Spider Form              Tmut/Pois      0%         N/A       100%        3
 Anguish                  Hex/Necr       0%         N/A       100%        4
 Manifold Assault         Tloc           0%         N/A       100%        4
 Olgreb's Toxic Radiance  Pois           0%         N/A       100%        4
 Alistair's Intoxication  Tmut/Pois      0%         N/A       100%        5
 Borgnjor's Vile Clutch   Necr/Erth      0%         N/A       100%        5
 Freezing Cloud           Conj/Ice/Air   0%         6-21      100%        5
 Eringya's Noxious Bog    Tmut/Pois      0%         N/A       100%        6
 Storm Form               Tmut/Air       0%         N/A       100%        7
 Polar Vortex             Ice            0%         N/A       100%        9
 Simulacrum               Ice/Necr       Unusable   N/A       N/A         6

Dungeon Overview and Level Annotations

Branches:
Dungeon (1/1)

Altars:
Ashenzari
Cheibriados
Dithmenos
Elyvilon
Fedhas
Gozag
Hepliaklqana
Kikubaaqudgha
Makhleb
Nemelex Xobeh
Okawaru
Qazlal
Ru
Sif Muna
Trog
Uskayaw
Vehumet
Wu Jian
Xom
Yredelemnul
Zin
The Shining One
Jiyva
Lugonu

Annotations:
D 1 transporter


Innate Abilities, Weirdness & Mutations

You are completely covered in rugged brown scales. (AC +3, +7% HP)
Armour fits poorly on your strangely shaped body.
You have a long armoured tail.
You roll when moving toward enemies. (Rampage)
Your long tongue fully drains potion bottles. (2x potion effects)
Your tongue gives you trouble enunciating. (1.5x scroll delay)


Message History

* * * LOW HITPOINT WARNING * * *
Something hits you.
* * * LOW HITPOINT WARNING * * *
You feel much better.
You slurp down every last drop of the potion of heal wounds!
You hear some strange, mumbled words.
A shard of ice appears from out of thin air!
You block the shard of ice.
BOUMMMMG!
Something hits you. Something hits you!
You completely miss something.
Your tail-slap misses something.
You closely miss something. You block something's attack.
GONNNNG!
Something hits you but does no damage.
You miss something. You closely miss something. You block something's attack.
BOUMMMMG!
Something hits you. You block something's attack.
BOUMMMMG!
Something hits you.
Unknown command.
You hit something.
Your tail-slap misses something.
You barely miss something. Something hits you!
* * * LOW HITPOINT WARNING * * *
Something hits you but does no damage. You block something's attack.
SHROANNG!
You barely miss something. You completely miss something.
You hear some strange, mumbled words.
A shard of ice appears from out of thin air!
You block the shard of ice.
SHROANNG!
You hear some strange, mumbled words.
A lance of force appears from out of thin air!
The lance of force hits you!
* * * LOW HITPOINT WARNING * * *
You are knocked back by the lance of force.
You slam into the unnaturally hard rock wall!
* * * LOW HITPOINT WARNING * * *
You hear some strange, mumbled words.
A lance of force appears from out of thin air!
The lance of force hits you!!
You die...

▓...8©8...▓..8©8..▓
▓..[:[|...▓..[})..▓
▓...:})...▓..).[..▓
▓.........▓.......▓
▓....)†...▓...†)..▓
▓....{)...▓..).)..▓
▓....{....▓.......▓
▓.........▓.▓...▓.▓
▓....©..@.▓...©...▓
▓▓▓▓▓▓▓▓▓▓▓▓▓▓▓▓▓▓▓
▓..8©8..▓ ▓..}))..▓
▓..|)}..▓ ▓..)....▓
▓..)))..▓ ▓....)..▓
▓.......▓


There were no monsters in sight!

Vanquished Creatures
  2 two-headed ogres (D)
  A manticore (shapeshifter) (D)
  2 deep elf zephyrmancers (D)
  A cyclops (D)
  2 trolls (D)
  Sigmund (D)
  A slime creature (D)
  A wyvern (shapeshifter) (D)
  A water elemental (D)
  3 yaks (D)
  A golden eye (D)
  A water moccasin (shapeshifter) (D)
  Duvessa (D)
  An ogre (D)
  A tengu (shapeshifter) (D)
  Blork the orc (D)
  An earth elemental (D)
  Dowan (D)
  A jelly (D)
  Crazy Yiuf (D)
  Jessica (D)
  An iguana (D)
  6 river rats (D)
  2 endoplasms (D)
35 creatures vanquished.

Notes
Turn   | Place    | Note
-------+----------+-------------------------------------------
     0 | D        | Pimp the Armataur Fighter began the quest for the Orb.
     0 | D        | Reached XP level 1. HP: 19/19 MP: 1/1
     0 | D        | Found a blossoming altar of Fedhas.
     0 | D        | Found the +6 Majin-Bo {spellvamp, MP+6 Int+6}
     0 | D        | Found the +27 heavy crossbow "Sniper" {heavy, Acc+∞ SInv}
     0 | D        | Found the +10 dark maul {heavy}
     0 | D        | Found the +15 Maxwell's patent armour {-Cast -Tele rElec
                  | Will+ rCorr}
     0 | D        | Found the +18 shield of the Gong {Loud rN+ Will+ rCorr
                  | EV-5}
     0 | D        | Found the +16 obsidian axe {drain, demonic, Mesm Drain Fly
                  | SInv}
     0 | D        | Found the +7 great mace "Firestarter" {flame, inner flame,
                  | rFlCloud rF++}
     0 | D        | Found the +6 shillelagh "Devastator" {shatter}
     0 | D        | Found the +11 plutonium sword {Contam Stlth-}
     0 | D        | Found the +8 lance "Wyrmbane" {slay drac, rPois rF+ rC+
                  | AC+3}
     0 | D        | Found the +9 sword of Zonguldrok {reap}
     0 | D        | Found the +13 scythe of Curses {drain, curses, Drain}
     0 | D        | Found the +9 sword of Power {lifebolt}
     0 | D        | Found the +7 mace of Variability {chaos, chain chaos}
     0 | D        | Found the +11 Singing Sword {sonic wave}
     0 | D        | Found the +8 storm bow {elec, penet}
     1 | D        | Found a transporter.
     1 | D        | Found a viscous altar of Jiyva.
     1 | D        | Found an ancient bone altar of Kikubaaqudgha.
     1 | D        | Found a hazy altar of Hepliaklqana.
     1 | D        | Found a corrupted altar of Lugonu.
     1 | D        | Found an opulent altar of Gozag.
     1 | D        | Found a burning altar of Makhleb.
     4 | D        | Found a stormy altar of Qazlal.
     4 | D        | Found an iron altar of Okawaru.
     4 | D        | Found a sacrificial altar of Ru.
     4 | D        | Found a sparkling altar of Nemelex Xobeh.
     4 | D        | Found a shimmering blue altar of Sif Muna.
     4 | D        | Found a bloodstained altar of Trog.
    68 | D        | Reached XP level 2. HP: 28/28 MP: 2/2
    69 | D        | Reached XP level 3. HP: 35/35 MP: 3/3
    79 | D        | Became a worshipper of Warmaster Okawaru
    87 | D        | Entered arena 2.
    87 | D        | Noticed a yak
    87 | D        | Found a transporter.
    91 | D        | Killed a yak
    92 | D        | Reached skill level 5 in Fighting
    92 | D        | Reached skill level 5 in Axes
    92 | D        | Reached XP level 4. HP: 44/44 MP: 4/4
    92 | D        | Reached XP level 5. HP: 51/51 MP: 5/5
   101 | D        | Entered arena 3.
   101 | D        | Noticed a water moccasin
   101 | D        | Noticed a wyvern
   101 | D        | Noticed a swamp drake
   101 | D        | Found a transporter.
   111 | D        | Killed a water moccasin
   111 | D        | Reached * piety under Okawaru
   112 | D        | Reached XP level 6. HP: 49/59 MP: 6/6
   114 | D        | Killed a wyvern
   115 | D        | Reached skill level 10 in Armour
   115 | D        | a swamp drake changed into a tengu
   119 | D        | Reached skill level 1 in Stealth
   123 | D        | Got Puinkood's Essays on Fuming Toxins
   145 | D        | Entered arena 4.
   145 | D        | Noticed a yak
   145 | D        | Found a transporter.
   149 | D        | Reached XP level 7. HP: 67/67 MP: 7/7
   151 | D        | Reached skill level 5 in Dodging
   152 | D        | Killed a yak
   261 | D        | Entered arena 5.
   261 | D        | Noticed a yak
   261 | D        | Found a transporter.
   267 | D        | Killed a yak
   267 | D        | Reached ** piety under Okawaru
   308 | D        | Entered arena 6.
   308 | D        | Noticed a slime creature
   308 | D        | Noticed a golden eye
   308 | D        | Found a transporter.
   311 | D        | Killed a golden eye
   312 | D        | Reached XP level 8. HP: 63/75 MP: 8/8
   317 | D        | Killed a slime creature
   377 | D        | Entered arena 7.
   377 | D        | Noticed a troll
   377 | D        | Noticed a two-headed ogre
   377 | D        | Noticed a troll
   377 | D        | Noticed a two-headed ogre
   377 | D        | Noticed a cyclops
   378 | D        | Found a transporter.
   382 | D        | Killed a cyclops
   383 | D        | Killed a troll
   383 | D        | Reached *** piety under Okawaru
   384 | D        | Reached skill level 10 in Axes
   387 | D        | Killed a troll
   388 | D        | Reached XP level 9. HP: 48/84 MP: 9/9
   388 | D        | Killed a two-headed ogre
   388 | D        | Reached **** piety under Okawaru
   389 | D        | Killed a two-headed ogre
   509 | D        | Entered arena 8.
   509 | D        | Found the +8 demon blade "Leech" {evervamp, Harm Drain rN+}
   509 | D        | Noticed Sigmund
   509 | D        | Noticed Jessica
   509 | D        | Noticed Blork the orc
   509 | D        | Noticed Crazy Yiuf
   509 | D        | Noticed Dowan
   509 | D        | Noticed Duvessa
   510 | D        | Found a transporter.
   513 | D        | Killed Crazy Yiuf
   513 | D        | Reached ***** piety under Okawaru
   515 | D        | Killed Jessica
   519 | D        | Killed Blork the orc
   519 | D        | Killed Dowan
   520 | D        | Reached skill level 10 in Shields
   522 | D        | Killed Duvessa
   529 | D        | Killed Sigmund
   545 | D        | Entered arena 9.
   545 | D        | Noticed a deep elf zephyrmancer
   545 | D        | Noticed a deep elf knight
   545 | D        | Noticed a swamp dragon
   545 | D        | Noticed a deep elf knight
   545 | D        | Noticed a deep elf zephyrmancer
   546 | D        | Found a transporter.
   547 | D        | a swamp dragon changed into a steelbarb worm
   547 | D        | Noticed a steelbarb worm (glowing shapeshifter)
   547 | D        | a steelbarb worm changed into a manticore
   547 | D        | Noticed a manticore (glowing shapeshifter)
   556 | D        | Killed a manticore
   556 | D        | Killed a deep elf zephyrmancer
   556 | D        | Received a gift from Okawaru
   557 | D        | Reached XP level 10. HP: 40/94 MP: 10/10
   560 | D        | Killed a deep elf zephyrmancer
   567 | D        | Killed from afar by a deep elf knight

Illustrated notes

Levels and vault maps discovered:
D:        sprint_v [room_start, room_1, room_2, room_3, room_4, room_5, room_6,
          room_7, room_8, room_9, room_10, room_11, room_12, room_13, room_14,
          room_15, room_16, room_17, room_18, room_19, room_20, room_21,
          room_22, room_23, room_24, room_25, room_26, room_27]

Skill      XL: |  1  2  3  4  5  6  7  8  9 |
---------------+----------------------------+-----
Fighting       | 4 5 6 7 8 |  8.1
Axes           | 4 5 6 8 10 13 | 13.5
Armour         | 6 8 9 10 11 12 13 | 13.3
Dodging        | 3 4 5 6 7 |  7.4
Shields        | 4 6 7 8 9 10 | 10.5
Stealth        | 1 2 |  2.2

Action                     |  1- 3 |  4- 6 |  7- 9 | 10-12 || total
---------------------------+-------+-------+-------+-------++-------
  Melee: Broad axe         |     3 |    16 |    57 |     9 ||    85
         Tailslap          |     1 |     1 |    10 |       ||    12
    Use: Potion            |     1 |     1 |     1 |     1 ||     4
   Stab: Confused          |       |     1 |       |       ||     1
 Armour: Plate armour      |       |    12 |    42 |     6 ||    60
  Dodge: Dodged            |       |       |     7 |       ||     7
  Block: Kite shield       |     3 |    36 |   103 |    16 ||   158

Table legend: (Time is in decaauts)
 A = Elapsed time spent in this place.
 B = Non-inter-level travel time spent in this place.
 C = Inter-level travel time spent in this place.
 D = Time resting spent in this place.
 E = Time spent auto-exploring this place.
 F = Levels seen in this place.
 G = Mean time per level.
                   A        B        C        D        E       F      G
               +--------+--------+--------+--------+--------+-----+--------+
         Total |    584 |    573 |     11 |    287 |      0 |   1 |  584.0 |
       Dungeon |    584 |    573 |     11 |    287 |      0 |   1 |  584.0 |
               +--------+--------+--------+--------+--------+-----+--------+

Top non-repeatable levels by time:
       D: 584 daAuts
